 Dungeon Crawl Stone Soup version 0.28.0-53-g5a82cb258f (webtiles) character file.

Game seed: 8313256186571328738

65 fuccboisucc420 the Grave Robber (level 3, 0/24 HPs)
             Began as a Demonspawn Necromancer on July 18, 2022.
             Slain by an adder (3 damage)
             ... on level 2 of the Dungeon.
             The game lasted 00:05:59 (2290 turns).

fuccboisucc420 the Grave Robber (DsNe)              Turns: 2290, Time: 00:05:59

Health: 0/24       AC:  3    Str: 10    XL:     3   Next: 94%
Magic:  1/6        EV: 11    Int: 22    God:
Gold:   52         SH:  0    Dex: 13    Spells: 5/7 levels left

rFire   . . .      SeeInvis .   b - +0 short sword (protect)
rCold   . . .      Faith    .   (no shield)
rNeg    . . .      Spirit   .   h - +0 leather armour
rPois   .          Reflect  .   (no helmet)
rElec   .          Harm     .   (no cloak)
rCorr   .          Rampage  .   (no gloves)
Will    .....                   (no boots)
Stlth   ++........              (no amulet)
HPRegen 0.08/turn               d - +6 ring of intelligence
MPRegen 0.10/turn               (no ring)

@: very slightly contaminated
A: powered by death 1
a: no special abilities


You were on level 2 of the Dungeon.
You visited 1 branch of the dungeon, and saw 3 of its levels.

You collected 52 gold pieces.

Inventory:

Hand Weapons
 b - a +0 short sword of protection (weapon)
Armour
 a - a +0 robe
 h - a +0 leather armour (worn)
Jewellery
 d - a +6 ring of intelligence (left hand)
Scrolls
 e - a scroll of enchant weapon {unknown}
 f - a scroll of silence {unknown}
 g - a scroll of noise {unknown}
 j - 2 scrolls of immolation {unknown}
 k - a scroll of blinking {unknown}
Potions
 c - 2 potions of degeneration {unknown}
 i - a potion of flight {unknown}
 l - a potion of magic {unknown}
 m - a potion of heal wounds {unknown}


   Skills:
 + Level 1.8 Dodging
 + Level 1.8 Stealth
 + Level 2.5 Spellcasting
 + Level 5.7 Necromancy


You had 5 spell levels left.
You knew the following spells:

 Your Spells              Type           Power      Damage    Failure   Level
a - Pain                  Necr           100%       1d9       1%          1
b - Animate Skeleton      Necr           56%        N/A       1%          1

Your spell library contained the following spells:

 Spells                   Type           Power      Damage    Failure   Level
 Vampiric Draining        Necr           28%        2d8       4%          3
 Animate Dead             Necr           14%        N/A       17%         4
 Agony                    Necr           28%        N/A       43%         5


Dungeon Overview and Level Annotations

Branches:
Dungeon (3/15)

Altars:
Trog

Shops:
D:2 *


Innate Abilities, Weirdness & Mutations

You regenerate a little health from kills.


Message History

Casting: Pain (safe; 1% risk of failure)
Confirm with . or Enter, or press ? or * to list all spells.
Aiming: Pain (safe; 1% risk of failure)
Press: ? - help, Shift-Dir - straight line, f - hobgoblin
Aim: a hobgoblin (chance to affect: 93%)
The hobgoblin writhes in agony.
The hobgoblin hits you.
* * * LOW HITPOINT WARNING * * *
The adder bites you but does no damage.
Casting: Pain (safe; 1% risk of failure)
Confirm with . or Enter, or press ? or * to list all spells.
Aiming: Pain (safe; 1% risk of failure)
Press: ? - help, Shift-Dir - straight line, f/p - hobgoblin
Aim: a hobgoblin (almost dead, chance to affect: 93%)
You miscast Pain.
You are very lightly contaminated with residual magic.
Nothing appears to happen.
The adder bites you but does no damage. The hobgoblin hits you.
* * * LOW HITPOINT WARNING * * *
The adder barely misses you. The hobgoblin closely misses you.
You climb upwards.
There is a stone staircase leading down here.
Casting: Pain (safe; 1% risk of failure)
Confirm with . or Enter, or press ? or * to list all spells.
Aiming: Pain (safe; 1% risk of failure)
Press: ? - help, Shift-Dir - straight line, f - hobgoblin
Aim: a hobgoblin (almost dead, chance to affect: 93%)
The hobgoblin writhes in agony.
You kill the hobgoblin!
The adder bites you.
* * * LOW HITPOINT WARNING * * *
The adder misses you. The adder completely misses you.
You see here a hobgoblin corpse.
Casting: Pain (safe; 1% risk of failure)
Confirm with . or Enter, or press ? or * to list all spells.
Aiming: Pain (safe; 1% risk of failure)
Press: ? - help, Shift-Dir - straight line, f - adder
Aim: an adder (chance to affect: 88%)
The adder writhes in agony.
The adder closely misses you. The adder bites you.
You die...

#.# #.#
###.#........# #)#
#.# #<.........# #.#
#.# ##.######..#
#†######.#### #.#
##..## #...........#
#.# #.....
#########.#.# #.#
###...## #.#.#
#.###....... #.#.#
#........... #.#@#
#####.......
#.#S###########...#.
#<#>..........#.....
#.###########.#####.
#.# #.# ## #.# #.# #
#.# #.# # #.# #.# #
#.# #.# #


You could see an adder.

Vanquished Creatures
  2 adders (D:2)
  A gnoll (D:3)
  2 ball pythons (D:2)
  5 endoplasms
  A giant cockroach (D:2)
  4 goblins
  4 hobgoblins
  2 quokkas
  3 bats
  6 kobolds
  3 rats
33 creatures vanquished.

Notes
Turn   | Place    | Note
-------+----------+-------------------------------------------
     0 | D:1      | fuccboisucc420 the Demonspawn Necromancer began the quest
                  | for the Orb.
     0 | D:1      | Reached XP level 1. HP: 13/13 MP: 3/3
   630 | D:1      | Learned a level 1 spell: Animate Skeleton
   677 | D:1      | Gained mutation: You regenerate a little health from kills.
                  | [demonic ancestry]
   677 | D:1      | Reached XP level 2. HP: 17/19 MP: 1/5
  1208 | D:2      | Reached skill level 5 in Necromancy
  1434 | D:2      | Found Ishraedy's Assorted Antiques.
  1630 | D:2      | Found a bloodstained altar of Trog.
  1709 | D:2      | Reached XP level 3. HP: 23/24 MP: 4/6
  2290 | D:2      | Slain by an adder

Illustrated notes

Levels and vault maps discovered:
D:1:      minmay_arrival_wavy_path, layout_basic
D:2:      layout_loops_ring, basic_altar, serial_shops, shop
D:3:      mumra_celtic_spiral_tile, layout_loops_ring, serial_shops,
          nicolae_square_shop

Skill      XL: |  1  2 |
---------------+-------+-----
Necromancy     | 5 |  5.7
Dodging        | |  1.8
Stealth        | |  1.8
Spellcasting   | |  2.5

Action                   || total
-------------------------++-------
Melee: Short sword       ||    20
       Unarmed           ||     1
 Cast: Pain              ||    52
Armor: Robe              ||     1
       Leather armour    ||    12
Dodge: Dodged            ||    34
